 Dungeon Crawl Stone Soup version 0.20-a0-522-g0b37eee (webtiles) character file.

249005 nqkweflqenfkl the Eclecticist (level 19, -1/116 HPs)
             Began as a Gargoyle Earth Elementalist on Jan 25, 2017.
             Was the Champion of Vehumet.
             Slain by an ironheart preserver
             ... wielding a +0 great mace
              (11 damage)
             ... while paralysed by an ogre mage
             ... on level 2 of the Vaults.
             The game lasted 03:25:34 (58531 turns).

nqkweflqenfkl the Eclecticist (GrEE)               Turns: 58531, Time: 03:25:35

Health: -1/116     AC: 31    Str: 12    XL:     19   Next: 58%
Magic:  37/39      EV:  2    Int: 36    God:    Vehumet [******]
Gold:   2775       SH:  0    Dex: 12    Spells: 3/50 levels left

rFire    . . .     SeeInvis .   O - +2 eveningstar (freeze)
rCold    . . .     Gourm    .   N - +2 robe {Archmagi}
rNeg     + + .     Faith    .   (no shield)
rPois    ∞         Spirit   .   S - +2 helmet
rElec    +         Reflect  .   c - +2 cloak
rCorr    .         Harm     .   j - +2 pair of gloves of Cocytus {rElec rN+}
MR       +....     Clarity  +   b - +2 pair of boots
Stlth    ++........             H - amulet of magic regeneration
Regen    0.3/turn               e - +6 ring of intelligence
                                U - +4 ring of intelligence

@: paralysed, flying
A: big wings, agile 1, clarity, clever 1, negative energy resistance 1,
electricity resistance, unbreathing, petrification resistance, rot immunity, AC
+13
}: 2/15 runes: decaying, gossamer
a: Stop Flying, Renounce Religion


You were on level 2 of the Vaults.
You worshipped Vehumet.
Vehumet was exalted by your worship.
You were not hungry.

You visited 8 branches of the dungeon, and saw 35 of its levels.
You also visited: Labyrinth.

You collected 3232 gold pieces.
You spent 457 gold pieces at shops.

Inventory:

Hand Weapons
 n - the +3 spear "Xyxuut" {vamp, SInv Stlth+}
   (You found it on level 6 of the Lair of Beasts)

   It inflicts no extra harm, but heals its wielder when it wounds a living foe.
   It lets you see invisible.
   It makes you more stealthy.
 z - a +2 demon whip of electrocution
 O - a +2 eveningstar of freezing (weapon)
Missiles
 C - 7 stones (quivered)
Armour
 b - a +2 pair of boots (worn)
 c - a +2 cloak (worn)
 j - the +2 pair of gloves of Cocytus (worn) {rElec rN+}
   (You bought it in a shop on level 2 of the Orcish Mines)

   It insulates you from electricity.
   It protects you from negative energy.
 N - a +2 robe of the Archmagi (worn)
 S - a +2 helmet (worn)
Jewellery
 e - a +6 ring of intelligence (right hand)
 u - an uncursed ring of resist corrosion
 E - a cursed +2 amulet of reflection
 H - an amulet of magic regeneration (around neck)
 R - an uncursed ring of fire
 U - a +4 ring of intelligence (left hand)
Wands
 a - a wand of clouds (6/9)
 o - a wand of enslavement (15/24)
 F - a wand of confusion (48/48)
 J - a wand of iceblast (9/15)
 P - a wand of enslavement (6/24)
 Q - a wand of digging (7/24)
Scrolls
 h - a scroll of fear
 i - a scroll of magic mapping
 l - 10 scrolls of remove curse
 m - 3 scrolls of recharging
 s - 3 scrolls of enchant armour
 t - 4 scrolls of blinking
 y - 13 scrolls of teleportation
 B - a scroll of immolation
 L - 8 scrolls of identify
 Y - a scroll of fog
Potions
 f - 6 potions of haste
 k - a potion of might
 q - 12 potions of curing
 v - 8 potions of ambrosia
 x - 4 potions of resistance
 A - 2 potions of brilliance
 I - 2 potions of cancellation
Comestibles
 d - 16 bread rations
 g - 10 chunks of flesh
 p - 20 meat rations
 r - 5 fruits
 w - 2 royal jellies


   Skills:
 + Level 12.2 Fighting
 + Level 10.8 Maces & Flails
 - Level 6.0 Armour
 + Level 9.9 Dodging
 - Level 2.1 Stealth
   Level 4.2 Shields
 * Level 16.2 Spellcasting
 + Level 13.4 Conjurations
   Level 0.7 Transmutations
 * Level 13.9 Fire Magic
 + Level 15.0 Earth Magic


You had 3 spell levels left.
You knew the following spells:

 Your Spells              Type           Power        Failure   Level  Hunger
a - Sandblast             Erth           ######       0%          1    None
b - Stone Arrow           Conj/Erth      ######       0%          3    None
c - Lee's Rapid Deconstr  Erth           ########..   1%          5    None
d - Repel Missiles        Chrm/Air       #####.       1%          2    None
e - Bolt of Magma         Conj/Fire/Erth ########..   1%          5    None
f - Iron Shot             Conj/Erth      ########..   1%          6    None
g - Venom Bolt            Conj/Pois      #######...   1%          5    None
h - Fireball              Conj/Fire      ########..   1%          5    None
i - Mephitic Cloud        Conj/Pois/Air  #######.     1%          3    None
j - Bolt of Fire          Conj/Fire      ########..   1%          6    None
k - Bolt of Cold          Conj/Ice       #######...   4%          6    None


Dungeon Overview and Level Annotations

Branches:
Dungeon (15/15)            Temple (1/1) D:4            Lair (6/6) D:11
  Swamp (4/4) Lair:2       Spider (4/4) Lair:3        Slime (0/5) Lair:6
    Orc (2/2) D:12            Elf (0/3) Orc:2        Vaults (2/5) D:13
 Depths (1/5) D:15
  Crypt: Vaults:2-3

Altars:
Ashenzari
Cheibriados
Dithmenos
Elyvilon
Fedhas
Gozag
Hepliaklqana
Kikubaaqudgha
Makhleb
Nemelex Xobeh
Okawaru
Qazlal
Ru
Sif Muna
Trog
Uskayaw
Vehumet
Xom
Yredelemnul
Zin
The Shining One
Beogh
Jiyva

Shops:
D:5 (   D:7 =   D:8 [   D:10 (%}   Orc:2 :!:[(   Vaults:2 *

Annotations:
D:9 Gastronok


Innate Abilities, Weirdness & Mutations

You are resistant to torment.
Your stone body is resilient. (AC +13)
You are immune to poison.
Your large and strong wings let you fly indefinitely.
You resist negative energy. (rN+)
You are resistant to electric shocks. (rElec)
You can survive without breathing.
You are immune to petrification.
You are immune to rotting.
You are agile. (Dex +2)
You possess an exceptional clarity of mind.
Your mind is acute. (Int +2)


Message History

The two-headed ogre hits you but does no damage. x2
The two-headed ogre hits you with a giant spiked club.
* * * LOW HITPOINT WARNING * * *
The two-headed ogre hits you with a giant club.
* * * LOW HITPOINT WARNING * * *
The ogre mage hits you but does no damage.
The ogre hits you with a giant club!
* * * LOW HITPOINT WARNING * * *
The ironheart preserver casts a spell.
The ironheart preserver begins to accept its allies' injuries.
The ogre hits you but does no damage.
The two-headed ogre hits you with a giant club.
* * * LOW HITPOINT WARNING * * *
The two-headed ogre hits you with a giant spiked club.
* * * LOW HITPOINT WARNING * * *
The ogre mage hits you but does no damage.
The ogre hits you but does no damage. The two-headed ogre barely misses you.
The two-headed ogre hits you but does no damage.
The ironheart preserver hits you with a great mace!
You die...

###########
#(........+
#....OO...#
#...O@O...#
#..[OpO...#
#..$$O....#
#..$∩$....#
#..$$$....#
###########


You could see an ironheart preserver, 3 two-headed ogres, an ogre mage and 3
ogres.

Vanquished Creatures
  Nikola (Swamp:2)
  A lich (Vaults:1)
  A tentacled monstrosity (Swamp:3)
  Asterion (Spider:3)
  3 thorn hunters
  Roxanne (Swamp:4)
  An azure jelly (Lair:6)
  A deep elf sorcerer (Vaults:1)
  The ghost of M4edhros the Blocker, an adept OpAr of Cheibriados (Spider:4)
  4 vault wardens (Vaults:1)
  4 ghost moths
  An orc warlord (Orc:2)
  4 ironheart preservers (Vaults:1)
  7 emperor scorpions
  A war gargoyle (Vaults:1)
  A deep elf demonologist (Vaults:1)
  4 entropy weavers
  The ghost of Lahna the Fighter, a journeyman MiFi of Makhleb (Lair:5)
  A deep elf annihilator (Vaults:1)
  5 dire elephants (Lair:6)
  2 spark wasps (Spider:4)
  A deep elf death mage (Vaults:1)
  A minotaur (Lab)
  2 yaktaur captains (Vaults:1)
  4 fire dragons
  3 ice dragons
  Erolcha (D:9)
  5 vault guards
  20 hydras
  An anaconda (Lair:6)
  6 centaur warriors
  3 ghost crabs
  8 two-headed ogres
  6 alligators
  A queen ant (Lair:4)
  2 orc high priests
  Urug (Lair:2)
  2 spriggans (Swamp:3)
  7 skeletal warriors
  A deep elf knight (Vaults:1)
  A fire crab (Swamp:4)
  A shadow wraith (Vaults:1)
  A glowing orange brain (Vaults:1)
  4 unseen horrors
  2 wizards (Vaults:1)
  13 swamp dragons
  6 ironbrand convokers (Vaults:1)
  4 orc knights
  2 lindwurms (Swamp:4)
  2 necromancers (Vaults:1)
  11 ugly things
  21 orb spiders
  5 orc sorcerers
  33 wolf spiders
  A fire giant zombie (Vaults:1)
  3 cyclopes
  6 deep elf magi (Vaults:1)
  2 manticores
  An orb spider (shapeshifter) (Vaults:1)
  2 moths of wrath
  5 black mambas
  4 elephants (Lair:6)
  Psyche (D:9)
  A frost giant skeleton (Vaults:1)
  8 vault sentinels (Vaults:1)
  3 gargoyles
  A human skeleton (Vaults:1)
  2 torpor snails (Spider:1)
  8 komodo dragons
  11 yaktaurs
  15 spiny frogs
  5 rime drakes
  13 demonic crawlers
  A freezing wraith (Vaults:1)
  9 trolls
  A queen bee (shapeshifter) (D:14)
  A polar bear (Lair:2)
  A wolf spider simulacrum (Vaults:1)
  15 hornets
  4 tyrant leeches
  28 jumping spiders
  38 slime creatures
  10 hippogriffs
  7 bog bodies
  7 dream sheep
  4 blink frogs
  A centaur simulacrum (D:15)
  3 shadows
  52 redbacks
  36 tarantellas
  8 wraiths
  44 yaks
  5 wyverns
  5 fire bats (Swamp:4)
  A basilisk (D:14)
  A golden eye (Lair:6)
  Grum (D:8)
  3 steam dragons (Swamp:4)
  15 vampire mosquitoes
  A hungry ghost (D:7)
  30 swamp worms
  5 wargs
  An acid dragon (shapeshifter) (D:15)
  11 soldier ants
  14 water moccasins
  3 acid dragons
  8 porcupines
  A sky beast (D:8)
  36 orc warriors
  18 swamp drakes
  2 ice beasts
  3 phantoms
  3 black bears
  An orc zombie (Vaults:1)
  15 ogres
  An orc skeleton (Vaults:1)
  An elf skeleton (Vaults:1)
  27 centaurs
  17 wolves
  12 crocodiles
  3 big kobolds
  A human zombie (Vaults:1)
  A deep troll simulacrum (Vaults:1)
  29 bullfrogs
  2 wyvern skeletons
  6 scorpions
  17 killer bees
  A human simulacrum (Vaults:1)
  20 wights
  5 howler monkeys
  2 electric eels
  7 crimson imps
  A bullfrog zombie (D:5)
  2 quasits
  3 centaur zombies
  14 orc priests
  11 hounds
  39 orc wizards
  4 bullfrog skeletons
  4 jellies
  5 centaur skeletons
  6 iguanas
  34 worker ants
  Natasha (thrice) (D:3)
  4 hound skeletons
  2 hound zombies
  3 worker ant zombies
  3 gnolls (D:11)
  15 adders
  5 shadow imps
  2 oozes
  4 adder skeletons
  A worm (D:2)
  A dart slug (D:2)
  4 leopard geckos
  114 orcs
  4 bats
  10 giant cockroaches
  19 goblins
  6 hobgoblins
  7 jackals
  14 kobolds
  5 quokkas
  4 frilled lizards
  2 leopard gecko zombies
  A quokka skeleton (D:5)
  2 quokka zombies (D:5)
  9 rats
  2 briar patches (Swamp:1)
  6 plants
  4 toadstools (Swamp:3)
1303 creatures vanquished.

Vanquished Creatures (others)
  A steam dragon (Swamp:4)
  2 swamp drakes (Swamp:4)
  A killer bee (D:12)
  A frilled lizard (D:3)
  A kobold (D:3)
  A fire vortex (Swamp:4)
  29 fungi
  15 plants
  4 toadstools (Swamp:3)
55 creatures vanquished.

Grand Total: 1358 creatures vanquished

Notes
Turn   | Place    | Note
-------+----------+-------------------------------------------
     0 | D:1      | nqkweflqenfkl the Gargoyle Earth Elementalist began the quest for the Orb.
     0 | D:1      | Reached XP level 1. HP: 10/10 MP: 3/3
   624 | D:1      | Reached XP level 2. HP: 15/15 MP: 3/5
  1557 | D:2      | Reached XP level 3. HP: 19/19 MP: 7/7
  1562 | D:2      | Learned a level 3 spell: Stone Arrow
  1592 | D:2      | Reached skill level 3 in Spellcasting
  2146 | D:3      | Reached XP level 4. HP: 21/24 MP: 8/8
  2274 | D:3      | Noticed Natasha
  2278 | D:3      | Killed Natasha
  2278 | D:3      | Reached skill level 1 in Conjurations
  2421 | D:3      | Found a glowing silver altar of Zin.
  2424 | D:3      | Noticed Natasha
  2425 | D:3      | Noticed an angel
  2432 | D:3      | Killed Natasha
  2432 | D:3      | Reached XP level 5. HP: 12/28 MP: 7/10
  2633 | D:3      | Found a shimmering altar of Xom.
  3045 | D:3      | Noticed Natasha
  3069 | D:3      | Killed Natasha
  3069 | D:3      | Reached skill level 4 in Spellcasting
  3587 | D:3      | Reached skill level 5 in Earth Magic
  3822 | D:4      | Reached XP level 6. HP: 28/32 MP: 12/12
  3948 | D:4      | Found a staircase to the Ecumenical Temple.
  3966 | Temple   | Entered the Ecumenical Temple
  4689 | D:4      | Reached skill level 5 in Spellcasting
  4689 | D:4      | Reached XP level 7. HP: 36/36 MP: 6/14
  5250 | D:5      | Entered Level 5 of the Dungeon
  6039 | D:5      | Found Lovimo Gouq's Antique Weapon Emporium.
  6079 | D:5      | Reached skill level 6 in Spellcasting
  6249 | D:5      | Reached XP level 8. HP: 40/41 MP: 17/17
  6845 | D:5      | Found a blossoming altar of Fedhas.
  6852 | D:5      | Found a hazy altar of Hepliaklqana.
  7322 | D:6      | Got a pair of translucent gloves
  7323 | D:6      | Reached skill level 7 in Spellcasting
  7332 | D:6      | Identified the -5 pair of gloves of Melancholy {-Cast *Drain Dex+8 Slay+6} (You found it on level 6 of the Dungeon)
  7649 | D:5      | Reached skill level 5 in Conjurations
  8136 | D:6      | Reached XP level 9. HP: 45/45 MP: 9/20
  8804 | D:6      | Reached skill level 8 in Spellcasting
  9354 | D:7      | Learned a level 5 spell: Lee's Rapid Deconstruction
  9778 | D:7      | Found Zaikoj's Jewellery Emporium.
 10512 | D:8      | Noticed Grum
 10517 | D:8      | Reached skill level 9 in Spellcasting
 10522 | D:8      | Killed Grum
 10705 | D:8      | Reached XP level 10. HP: 48/50 MP: 23/23
 10710 | D:8      | Found a shadowy altar of Dithmenos.
 10767 | D:8      | Reached skill level 1 in Fighting
 10767 | D:8      | Reached skill level 1 in Maces & Flails
 10891 | D:8      | Reached skill level 1 in Shields
 11054 | D:8      | Found Imeam's Armour Boutique.
 11301 | D:8      | Found a snail-covered altar of Cheibriados.
 11500 | D:8      | Found an ancient bone altar of Kikubaaqudgha.
 11505 | D:8      | Identified a scroll of acquirement
 12008 | D:8      | Found a burning altar of Makhleb.
 12204 | D:9      | Reached skill level 1 in Armour
 12556 | D:9      | Got a pair of warped boots
 12562 | D:9      | Identified the +0 pair of boots of a labyrinth {-Tele MP+9 Dex+3} (You found it on level 9 of the Dungeon)
 12651 | D:9      | Noticed Psyche
 12657 | D:9      | Noticed a two-headed ogre
 12667 | D:9      | Killed Psyche
 13037 | D:9      | Noticed a two-headed ogre
 13042 | D:9      | Killed a two-headed ogre
 13360 | D:9      | Killed a two-headed ogre
 13360 | D:9      | Reached skill level 10 in Spellcasting
 13487 | D:9      | Gained mutation: You possess an exceptional clarity of mind. [potion of beneficial mutation]
 13488 | D:9      | Gained mutation: You are agile. (Dex +2) [potion of beneficial mutation]
 13528 | D:9      | Noticed a two-headed ogre
 13536 | D:9      | HP: 1/54 [two-headed ogre/dire flail (4)]
 13537 | D:9      | Killed a two-headed ogre
 13537 | D:9      | Reached XP level 11. HP: 2/60 MP: 21/25
 14031 | D:9      | Found a radiant altar of Vehumet.
 14045 | D:9      | Became a worshipper of Vehumet
 14244 | D:9      | Noticed a two-headed ogre
 14251 | D:9      | Killed a two-headed ogre
 14342 | D:9      | Noticed Erolcha
 14344 | D:9      | Noticed Gastronok
 14350 | D:9      | Killed Erolcha
 15103 | D:10     | Entered Level 10 of the Dungeon
 15257 | D:10     | Found Ozafeuskan's Antique Weapon Shop.
 15302 | D:10     | Killed an unseen horror
 15302 | D:10     | Reached skill level 10 in Earth Magic
 15661 | D:10     | Found Tityrphudec's Food Shoppe.
 16519 | D:10     | Reached * piety under Vehumet
 16519 | D:10     | Offered knowledge of Sting by Vehumet.
 17024 | D:10     | Found Muaxarghe's Gadget Shop.
 17110 | D:10     | Learned a level 2 spell: Repel Missiles
 17117 | D:10     | Learned a level 5 spell: Bolt of Magma
 17124 | D:10     | Learned a level 6 spell: Iron Shot
 17130 | D:10     | Learned a level 5 spell: Venom Bolt
 17846 | D:11     | Killed an unseen horror
 17924 | D:11     | Reached skill level 1 in Fire Magic
 18070 | D:11     | Reached XP level 12. HP: 68/68 MP: 22/26
 18135 | D:11     | Found a staircase to the Lair.
 18245 | D:11     | Reached skill level 5 in Fighting
 18478 | D:11     | Gained mutation: Your mind is acute. (Int +2) [potion of beneficial mutation]
 18686 | Lair:1   | Entered Level 1 of the Lair of Beasts
 18786 | Lair:1   | You fall through a shaft!
 18892 | Lair:2   | Noticed Urug
 18902 | Lair:2   | Killed Urug
 18902 | Lair:2   | Reached skill level 11 in Spellcasting
 19254 | Lair:2   | Reached ** piety under Vehumet
 19254 | Lair:2   | Offered knowledge of Flame Tongue by Vehumet.
 20553 | Lair:2   | Noticed a four-headed hydra
 20564 | Lair:2   | Killed a four-headed hydra
 21064 | Lair:2   | Found a staircase to the Swamp.
 21549 | Lair:3   | Found a hole to the Spider Nest.
 22198 | Lair:3   | Reached skill level 5 in Dodging
 22204 | Lair:3   | Reached skill level 5 in Armour
 22365 | Lair:3   | Offered knowledge of Dazzling Spray by Vehumet.
 22646 | Lair:3   | Reached skill level 5 in Maces & Flails
 23218 | Lair:4   | Noticed an entropy weaver
 23220 | Lair:4   | Noticed a queen ant
 23225 | Lair:4   | Noticed an entropy weaver
 23236 | Lair:4   | Reached *** piety under Vehumet
 23238 | Lair:4   | Killed a queen ant
 23238 | Lair:4   | Reached XP level 13. HP: 57/74 MP: 14/28
 23249 | Lair:4   | Killed an entropy weaver
 23548 | Lair:3   | Killed an entropy weaver
 23548 | Lair:3   | Reached skill level 5 in Fire Magic
 23964 | Lair:4   | Offered knowledge of Conjure Flame by Vehumet.
 24895 | Lair:5   | Found a stormy altar of Qazlal.
 25289 | Lair:5   | Noticed Lahna's ghost (journeyman MiFi)
 25303 | Lair:5   | Killed Lahna's ghost
 25444 | Lair:5   | Reached skill level 12 in Spellcasting
 26239 | Lair:6   | Entered Level 6 of the Lair of Beasts
 26339 | Lair:5   | Reached **** piety under Vehumet
 26885 | Lair:5   | Offered knowledge of Fireball by Vehumet.
 26892 | Lair:5   | Learned a level 5 spell: Fireball
 27125 | Lair:6   | Reached skill level 10 in Conjurations
 27649 | Lair:6   | Identified the cursed +3 spear "Xyxuut" {vamp, SInv Stlth+} (You found it on level 6 of the Lair of Beasts)
 27683 | Lair:6   | Gained mutation: Your large and strong wings let you fly indefinitely. [Gargoyle growth]
 27683 | Lair:6   | Reached XP level 14. HP: 66/82 MP: 30/30
 28206 | Lair:6   | Noticed an azure jelly
 28211 | Lair:6   | Killed an azure jelly
 28363 | Lair:6   | Found a viscous altar of Jiyva.
 28365 | Lair:6   | Found a staircase to the Slime Pits.
 28999 | Lair:6   | Noticed a dire elephant
 29004 | Lair:6   | Killed a dire elephant
 29115 | Lair:6   | Noticed a dire elephant
 29115 | Lair:6   | Noticed a dire elephant
 29126 | Lair:6   | Killed a dire elephant
 29128 | Lair:6   | Killed a dire elephant
 29471 | Lair:6   | Noticed a dire elephant
 29479 | Lair:6   | Killed a dire elephant
 29526 | Lair:6   | Noticed a dire elephant
 29547 | Lair:6   | Killed a dire elephant
 29559 | Lair:6   | Reached ***** piety under Vehumet
 29559 | Lair:6   | Offered knowledge of Poison Arrow by Vehumet.
 30149 | D:12     | Found a staircase to the Orcish Mines.
 30626 | D:12     | Found a bloodstained altar of Trog.
 31429 | D:13     | Reached skill level 13 in Spellcasting
 31651 | D:13     | Reached XP level 15. HP: 28/88 MP: 18/32
 31914 | D:13     | Found a gate to the Vaults.
 32061 | D:13     | Found a shadowy altar of Dithmenos.
 34335 | D:14     | Offered knowledge of Throw Icicle by Vehumet.
 35279 | D:15     | Entered Level 15 of the Dungeon
 35332 | D:15     | Found a labyrinth entrance.
 35346 | Lab      | Entered a labyrinth
 36621 | D:15     | Found a staircase to the Depths.
 36664 | D:15     | Learned a level 3 spell: Mephitic Cloud
 37166 | Orc:1    | Entered Level 1 of the Orcish Mines
 37402 | Orc:2    | Entered Level 2 of the Orcish Mines
 37752 | Orc:1    | Offered knowledge of Conjure Ball Lightning by Vehumet.
 38139 | Orc:2    | Found a staircase to the Elven Halls.
 38509 | Orc:2    | Noticed an orc warlord
 38523 | Orc:2    | Killed an orc warlord
 38608 | Orc:2    | Found a roughly hewn altar of Beogh.
 38622 | Orc:2    | Found Goskaeg's Antique Weapon Emporium.
 38622 | Orc:2    | Found Nuoviwn's Antique Armour Shoppe.
 38679 | Orc:2    | Bought a pair of bloodstained gloves for 275 gold pieces
 38689 | Orc:2    | Identified the +2 pair of gloves of Cocytus {rElec rN+} (You bought it in a shop on level 2 of the Orcish Mines)
 38802 | Orc:2    | Found Liequ's Book Shop.
 39106 | Orc:2    | Found a roughly hewn altar of Beogh.
 39292 | Orc:2    | Found a roughly hewn altar of Beogh.
 39385 | Orc:2    | Found a roughly hewn altar of Beogh.
 39523 | Orc:2    | Found a roughly hewn altar of Beogh.
 39540 | Orc:2    | Found Edghirofe's Distillery.
 39553 | Orc:2    | Bought a potion of magic for 112 gold pieces
 39553 | Orc:2    | Bought a potion of heal wounds for 70 gold pieces
 39734 | Orc:2    | Found a roughly hewn altar of Beogh.
 39769 | Orc:2    | Found Notsy's Book Shoppe.
 39825 | Orc:2    | Found a roughly hewn altar of Beogh.
 40092 | Swamp:1  | Entered Level 1 of the Swamp
 40112 | Swamp:1  | Noticed a thorn hunter
 40117 | Swamp:1  | Killed a thorn hunter
 40117 | Swamp:1  | Reached skill level 10 in Fire Magic
 40117 | Swamp:1  | Reached XP level 16. HP: 84/96 MP: 28/33
 40885 | Swamp:1  | Reached skill level 14 in Spellcasting
 42170 | Swamp:2  | Noticed Nikola
 42175 | Swamp:2  | Killed Nikola
 42456 | Swamp:2  | Offered knowledge of Bolt of Fire by Vehumet.
 42467 | Swamp:2  | Learned a level 6 spell: Bolt of Fire
 43163 | Swamp:3  | Noticed a thorn hunter
 43163 | Swamp:3  | Noticed a thorn hunter
 43166 | Swamp:3  | Killed a thorn hunter
 43168 | Swamp:3  | Killed a thorn hunter
 43473 | Swamp:3  | Noticed a tentacled monstrosity
 43478 | Swamp:3  | Killed a tentacled monstrosity
 44216 | Swamp:3  | Offered knowledge of Delayed Fireball by Vehumet.
 44511 | Swamp:3  | Identified the cursed +0 ring mail "Tefogits" {-Tele rN+ Int+2 Stlth+} (You found it on level 3 of the Swamp)
 44517 | Swamp:4  | Entered Level 4 of the Swamp
 44533 | Swamp:4  | Reached skill level 10 in Fighting
 44892 | Swamp:4  | Reached XP level 17. HP: 76/102 MP: 19/35
 45907 | Swamp:4  | Noticed Roxanne
 45911 | Swamp:4  | Killed Roxanne
 45920 | Swamp:4  | Identified Roxanne's Catalogue of Transmigration (You took it off Roxanne on level 4 of the Swamp)
 46163 | Swamp:4  | Got a decaying rune of Zot
 47413 | Spider:1 | Entered Level 1 of the Spider Nest
 47869 | Spider:1 | Reached ****** piety under Vehumet
 47959 | Spider:1 | Got a faintly glowing rapier
 47960 | Spider:1 | Identified the cursed +3 rapier of the Tent {venom, rPois MR+} (You found it on level 1 of the Spider Nest)
 48780 | Spider:1 | Offered knowledge of Ozocubu's Refrigeration by Vehumet.
 49931 | Spider:2 | Reached skill level 15 in Spellcasting
 50192 | Spider:2 | Identified the cursed +0 leather armour of Shielding {Dex+2} (You found it on level 2 of the Spider Nest)
 50793 | Spider:3 | Offered knowledge of Bolt of Cold by Vehumet.
 50924 | Spider:3 | Noticed Asterion
 50932 | Spider:3 | Noticed an Executioner
 51009 | Spider:3 | Noticed an Executioner
 51009 | Spider:3 | Killed Asterion
 51434 | Spider:3 | Reached XP level 18. HP: 108/108 MP: 26/37
 51769 | Spider:2 | Learned a level 6 spell: Bolt of Cold
 52220 | Spider:4 | Entered Level 4 of the Spider Nest
 52442 | Spider:4 | Noticed M4edhros's ghost (adept OpAr)
 52958 | Spider:4 | Killed M4edhros's ghost
 53654 | Spider:4 | Offered knowledge of Fire Storm by Vehumet.
 53654 | Spider:4 | Offered knowledge of Chain Lightning by Vehumet.
 53654 | Spider:4 | Offered knowledge of Tornado by Vehumet.
 54173 | Spider:4 | Reached skill level 10 in Maces & Flails
 54737 | Spider:4 | Got a gossamer rune of Zot
 55205 | Depths:1 | Entered Level 1 of the Depths
 55548 | Vaults:1 | Entered Level 1 of the Vaults
 56116 | Vaults:1 | Found a sparkling altar of Nemelex Xobeh.
 56599 | Vaults:1 | Reached XP level 19. HP: 116/116 MP: 14/38
 57468 | Vaults:1 | Reached skill level 16 in Spellcasting
 58201 | Vaults:1 | Noticed a lich
 58205 | Vaults:1 | Killed a lich
 58226 | Vaults:1 | Reached skill level 15 in Earth Magic
 58525 | Vaults:2 | Found Aphon's Assorted Antiques.
 58526 | Vaults:2 | Paralysed by an ogre mage for 7 turns
 58531 | Vaults:2 | Slain by an ironheart preserver

Vault maps used:
D:1:      onia_arrival_mini_maze_b
D:3:      grunt_temple_overflow_order_and_chaos_1, uniq_natasha
D:4:      temple_statues, first_bread, serial_bayou_ford_a,
          hangedman_decor_clover_reticule
D:5:      amethyst_overflow_temple_binary, serial_shops, shop, serial_undead,
          serial_undead_d, serial_undead_b, serial_undead_a, serial_undead_d,
          st_stairs_9
D:6:      minmay_ogre_servants
D:7:      serial_shops, kennysheep_mini, hangedman_abyss_or_decor_stagger
D:8:      nicolae_dithmenos_shadow_blocks, makhleb_heckhound_becter,
          kiku_gazebo_garden_becter, cheibriados_altar_1, serial_shops, shop,
          uniq_grum
D:9:      vehumet_altar_wand_db, blue_anna_alchemist, st_stairs_8, uniq_erolcha,
          uniq_gastronok, uniq_psyche
D:10:     serial_shops, shop, nicolae_shop_trees, shop
D:11:     due_lair_maze_entry_diamond
D:12:     basic_altar, lemuel_flame_loot_1
D:13:     lightli_vaults_fourway_checkpoint, basic_altar
D:14:     minmay_misc_feat_ornament
D:15:     grunt_enter_depths_hoard, grunt_decor_clamped, lab_entry_generic
Temple:   hc_temple_tempest_star
Lair:2:   beast_lair_carwin_large_2, nicolae_swamp_entry_splash_gauntlet,
          st_stairs_12, uniq_urug
Lair:3:   spider_nest_entry_a, portal_ice_cave_rime, lemuel_fruit_tree
Lair:4:   minmay_another_anthill
Lair:5:   basic_altar
Lair:6:   due_jungle_book, slime_altar_1, serial_bayou_pond_b
Swamp:1:  evilmike_swamp_ruin_house_3, swamp_pool3
Swamp:2:  evilmike_swamp_ruin_house_1, swamp_pool1, infiniplex_staircase_pool,
          uniq_nikola
Swamp:3:  cheibrodos_swamp_tower_of_moss, nicolae_swamp_trees_clearing,
          swamp_pool2
Swamp:4:  swamp_fiery, uniq_roxanne
Spider:1: nicolae_spider_mines_1
Spider:2: guppyfry_spider_mini_3, hangedman_spider_tarantella_strand
Spider:3: uniq_asterion
Spider:4: guppyfry_spider_rune, spider_trap
Orc:2:    grunt_orc_community_town_hall, grunt_orc_community_big_house_1,
          grunt_orc_community_big_house_2, grunt_orc_community_house_1,
          grunt_orc_community_house_2, grunt_orc_community_house_1,
          grunt_orc_community_house_1, serial_shops, shop
Vaults:1: hangedman_vaults_restitches, nicolae_vaults_branching_niches,
          nicolae_vaults_rhombus_7, grunt_vaults_diagonal, v_misc_3, v_misc_12,
          nicolae_vaults_little_squares_5, grunt_vaults_trifunnel,
          nicolae_vaults_angled_halls, vaults_room_door_hall,
          vaults_room_grunt_arrival_ludios, v_misc_8,
          hangedman_vaults_corner_blocks, nicolae_vaults_little_squares_2,
          nicolae_vaults_diagonal_hallway_8, basic_altar
Vaults:2: v_misc_4, minmay_crypt_entry_simple_box, nicolae_vaults_shelves_hall,
          st_spiral_rooms, nicolae_vaults_alarming,
          ontoclasm_vaults_ring_square, grunt_vaults_focal,
          hangedman_vaults_river_flow, nicolae_vaults_little_squares_3,
          ontoclasm_vaults_chip, nicolae_vaults_specimen_jars, serial_shops,
          shop_coins, uniq_jorgrun, uniq_jory
Depths:1: pf_hell_entry_tar_spiral, minmay_misc_feat_tiny, minislime_mu,
          uniq_mara, uniq_bai_suzhen, uniq_aizul
Lab:      labyrinth_watery, nicolae_lab_lava, labyrinth_skeletal_remains,
          nicolae_lab_flowing_pool, labyrinth_baited_teleportation_trap

Skill      XL: |  1  2  3  4  5  6  7  8  9 10 11 12 13 14 15 16 17 18 19 |
---------------+----------------------------------------------------------+-----
Earth Magic    | 4 5 6 7 9 10 11 12 13 14 15 | 15.0
Spellcasting   | 3 4 5 6 7 9 10 11 12 13 14 15 16 | 16.2
Conjurations   | 1 2 3 5 7 8 9 10 11 12 13 | 13.4
Fighting       | 3 4 5 7 8 9 10 11 12 | 12.2
Maces & Flails | 2 4 5 6 7 8 9 10 | 10.8
Dodging        | 2 4 5 6 7 8 9 |  9.9
Shields        | 3 4 |  4.2
Armour         | 2 4 5 6 |  6.0
Fire Magic     | 1 4 6 8 10 11 12 13 | 13.9
Stealth        | |  2.1
Transmutations | |  0.7

Action                   |  1- 3 |  4- 6 |  7- 9 | 10-12 | 13-15 | 16-18 | 19-21 || total
-------------------------+-------+-------+-------+-------+-------+-------+-------++-------
Melee: Mace              |    91 |   115 |   290 |   113 |       |       |       ||   609
       Morningstar       |       |       |       |   482 |   739 |       |       ||  1221
       Demon whip        |       |       |       |       |   325 |   115 |       ||   440
       Eveningstar       |       |       |       |       |    40 |   257 |   111 ||   408
       Spear             |       |       |       |       |       |    88 |       ||    88
 Cast: Sandblast         |    32 |    21 |    37 |     1 |       |       |       ||    91
       Stone Arrow       |       |     3 |    62 |   111 |    12 |    10 |     1 ||   199
       Lee's Rapid Decon |       |       |     4 |    15 |    24 |    21 |     6 ||    70
       Bolt of Magma     |       |       |       |    39 |   175 |   147 |    18 ||   379
       Repel Missiles    |       |       |       |     1 |       |     1 |       ||     2
       Venom Bolt        |       |       |       |     2 |     7 |     2 |       ||    11
       Iron Shot         |       |       |       |       |    17 |   157 |    46 ||   220
       Fireball          |       |       |       |       |    41 |    95 |    15 ||   151
       Bolt of Fire      |       |       |       |       |       |    36 |     9 ||    45
       Bolt of Cold      |       |       |       |       |       |     3 |     1 ||     4
 Abil: Fly               |       |       |       |       |     1 |       |       ||     1
Evoke: Wand              |       |       |       |     5 |     5 |    13 |     1 ||    24
  Use: Scroll            |       |    14 |     6 |    17 |    17 |    21 |       ||    75
       Potion            |       |       |     3 |     5 |     6 |    14 |     3 ||    31
 Stab: Sleeping          |     1 |     2 |     1 |     9 |     4 |       |       ||    17
       Distracted        |       |       |     2 |       |     1 |       |       ||     3
       Paralysed         |       |       |       |       |     5 |       |       ||     5
  Eat: Chunk             |     4 |     8 |    14 |    30 |    43 |    14 |     6 ||   119
       Fruit             |       |       |     6 |    15 |    28 |       |       ||    49
       Royal jelly       |       |       |     2 |     2 |       |    16 |       ||    20
       Bread ration      |       |       |       |       |       |     3 |       ||     3
Armor: Robe              |    17 |    59 |   160 |   487 |   602 |   493 |    63 ||  1881
Dodge: Dodged            |    31 |   102 |   291 |   654 |  1048 |   690 |    69 ||  2885
       Deflected         |       |       |       |     5 |     1 |     1 |     3 ||    10
